 Dungeon Crawl Stone Soup version 0.29-a0-1043-g569b05d6ff (webtiles) character file.

Game seed: 13253372184303990562

7168 gelatine the Thaumaturge (level 10, -2/63 HPs)
             Began as a Demonspawn Fire Elementalist on Aug 16, 2022.
             Was a Follower of Vehumet.
             Slain by a hellwing (7 damage)
             ... on level 9 of the Dungeon.
             The game lasted 00:37:08 (10454 turns).

gelatine the Thaumaturge (DsFE)                    Turns: 10454, Time: 00:37:09

Health: -2/63      AC:  7    Str:  8      XL:     10   Next: 86%
Magic:  23/23      EV: 18    Int: 18 (19) God:    Vehumet [*.....]
Gold:   565        SH:  0    Dex: 14      Spells: 19/27 levels left

rFire   + . .      SeeInvis .   l - +6 shillelagh "Devastator" {shatter}
rCold   . . .      Faith    .   (no shield)
rNeg    . . .      Spirit   .   J - +2 robe {rF+}
rPois   .          Reflect  .   x - +1 hat
rElec   .          Harm     .   m - +1 cloak
rCorr   .          Rampage  .   (no gloves)
Will    .....                   n - +1 pair of boots
Stlth   ++........              (no amulet)
HPRegen 3.20/turn               h - +4 ring of evasion
MPRegen 0.36/turn               i - +4 ring of protection

@: corroded
A: thin metallic scales 1, powered by death 2, magic regeneration, dopey 1,
frail 1, screaming 1
a: Renounce Religion


You were on level 9 of the Dungeon.
You worshipped Vehumet.
Vehumet was aware of your devotion.
You visited 2 branches of the dungeon, and saw 11 of its levels.
You also visited: Ossuary.

You collected 565 gold pieces.

Inventory:

Hand Weapons
 c - a +4 quarterstaff of chaos
 l - the +6 shillelagh "Devastator" (weapon) {shatter}
   (You found it on level 2 of the Dungeon)

   It releases a powerful concussive burst when it strikes, dealing extra damage
   to the target and all other foes adjacent to them.
 L - the +5 mace "Murmur" {vorpal, rPois rF+ rCorr}
   (You found it on level 7 of the Dungeon)

   It inflicts extra damage upon your enemies.
   rF:        It protects you from fire.
   rPois:     It protects you from poison.
   rCorr:     It protects you from acid and corrosion.
 M - a +2 rapier of venom
 Q - a +4 scimitar of flaming
Armour
 m - a +1 cloak (worn)
 n - a +1 pair of boots (worn)
 x - a +1 hat (worn)
 J - a +2 robe of fire resistance (worn)
 N - +0 acid dragon scales
Magical Staves
 e - a staff of death
 I - a staff of cold
Jewellery
 h - a +4 ring of evasion (left hand)
 i - a +4 ring of protection (right hand)
 D - a +6 ring of strength
 K - a ring of protection from cold
 O - a ring of resist corrosion
Wands
 t - a wand of mindburst (25)
 H - a wand of light (4)
Scrolls
 f - a scroll of fear
 j - 9 scrolls of teleportation {unknown}
 k - 2 scrolls of torment
 p - a scroll of silence
 r - a scroll of summoning
 s - 2 scrolls of fog
 v - a scroll of brand weapon {unknown}
 w - 3 scrolls of poison
 y - 4 scrolls of immolation
 A - 2 scrolls of blinking
 E - 2 scrolls of vulnerability
 F - 5 scrolls of enchant weapon {unknown}
Potions
 a - a potion of cancellation {unknown}
 b - 2 potions of magic
 d - 3 potions of heal wounds {unknown}
 g - 10 potions of curing {unknown}
 o - 4 potions of haste {unknown}
 q - 2 potions of flight {unknown}
 u - 2 potions of invisibility
 z - a potion of lignification
 B - 3 potions of attraction
 C - 2 potions of might
 G - a potion of brilliance {unknown}
Miscellaneous
 P - a tin of tremorstones (2/2)


   Skills:
 + Level 3.0 Fighting
 + Level 0.9 Short Blades
 + Level 5.0 Maces & Flails
 + Level 4.8 Dodging
 + Level 3.2 Stealth
 + Level 9.0 Spellcasting
 + Level 5.7 Conjurations
 + Level 8.7 Fire Magic


You had 19 spell levels left.
You knew the following spells:

 Your Spells              Type           Power      Damage    Failure   Level
a - Foxfire               Conj/Fire      100%       2x1d9     1%          1
b - Scorch                Fire           78%        2d8       1%          2
c - Flame Wave            Conj/Fire      34%        2d10      4%          4
d - Freeze                Ice            32%        1d5       9%          1

Your spell library contained the following spells:

 Spells                   Type           Power      Damage    Failure   Level
 Magic Dart               Conj           100%       1d8       1%          1
 Searing Ray              Conj           56%        2d6       1%          2
 Conjure Flame            Conj/Fire      34%        6-21      1%          3
 Inner Flame              Hex/Fire       23%        N/A       4%          3
 Apportation              Tloc           16%        N/A       9%          1
 Necrotise                Necr           32%        1d5       9%          1
 Sandblast                Erth           16%        2d6       9%          1
 Summon Small Mammal      Summ           32%        N/A       9%          1
 Dazzling Flash           Conj/Hex       36%        N/A       9%          3
 Stone Arrow              Conj/Erth      36%        3d9       9%          3
 Passwall                 Tmut/Erth      6%         N/A       13%         2
 Agony                    Necr           8%         N/A       94%         5
 Silence                  Hex/Air        4%         N/A       94%         5
 Dragon Form              Tmut           4%         N/A       100%        7
 Malign Gateway           Summ/Tloc      4%         N/A       100%        7


Dungeon Overview and Level Annotations

Branches:
Dungeon (10/15)            Temple (1/1) D:5         Ossuary (visited)
   Lair: D:8-11         Orc: D:9-12

Altars:
Ashenzari
Cheibriados
Dithmenos
Fedhas
Hepliaklqana
Kikubaaqudgha
Makhleb
Nemelex Xobeh
Okawaru
Qazlal
Ru
Sif Muna
Trog
Uskayaw
Vehumet
Wu Jian
Xom
Yredelemnul

Shops:
D:4 (

Annotations:
D:7 3 runed translucent doors


Innate Abilities, Weirdness & Mutations

You are partially covered in thin metallic scales. (AC +2)
You regenerate health from kills.
You regenerate magic rapidly.
You are dopey. (Int -2)
You are frail. (-10% HP)
You occasionally shout uncontrollably at your foes.


Message History

Vehumet accepts your kill.
The hellwing swoops through the air toward you!
The hellwing hits you! The hellwing hits you.
The orc warrior hits you but does no damage.
The smoke demon hits you.
The smoke demon hits you but does no damage.
The smoke demon hits you. The hellwing barely misses you.
The hellwing misses you.
You feel your intelligence returning.
Your Spellcasting skill increases to level 9!
You hit the hellwing.
The hellwings shudder.
The hellwing is lightly wounded. x2
The orc warrior closely misses you. The smoke demon gestures at you.
Something smites you! The hellwing misses you.
The hellwing completely misses you. The hellwing closely misses you.
The hellwing hits you!
The smoke demon attacks as you move away!
The smoke demon hits you but does no damage.
The smoke demon completely misses you. The smoke demon barely misses you.
The hellwing attacks as you move away! The hellwing hits you. x2
The orc warrior closely misses you.
You hit the orc warrior but do no damage.
The hellwing hits you. The hellwing closely misses you.
The orc warrior hits you with a +0 trident.
The smoke demon hits you but does no damage.
The smoke demon barely misses you. The smoke demon misses you.
The hellwing completely misses you. The hellwing misses you.
You closely miss the hellwing.
The orc warrior hits you with a +0 trident!
* * * LOW HITPOINT WARNING * * *
The smoke demon gestures at you. The ball of steam misses you.
The hellwing hits you.
* * * LOW HITPOINT WARNING * * *
The hellwing hits you.
* * * LOW HITPOINT WARNING * * *
The hellwing hits you.
* * * LOW HITPOINT WARNING * * *
The hellwing hits you!
You die...

##...........#†).#..........
#..)........')).'..........
#...........#.).#..........
#...........#...#.....#####
#...........#...#.....#
+..########.#...#.....# #..#
#.#####.....# #..#
#...o§......+ #....@4.....#
#....34.....# #...)÷..[...#
#######..###'##...#
.........# ... .....
.........# ...#.....
.......o3#....# .###
.........#....#
.........#....'


You could see 2 hellwings, a smoke demon and an orc warrior.

Vanquished Creatures
  Erica (D:10)
  A rust devil (D:9)
  A smoke demon (D:10)
  3 trolls
  A slime creature (D:7)
  Grinder (D:5)
  A vampire (D:10)
  2 wyverns
  A neqoxec (D:10)
  A wraith (D:8)
  The ghost of ZappyNine the Trooper, an amateur BaWr (D:6)
  Edmund (D:5)
  3 water moccasins
  3 acid dragons (D:7)
  An orc warrior (D:7)
  2 ice beasts
  A sky beast (D:7)
  2 black bears
  3 centaurs
  2 ogres
  A phantom (D:6)
  A kobold brigand (D:8)
  3 bullfrogs
  A gnoll sergeant (D:8)
  2 scorpions (D:5)
  2 water moccasin zombies (Ossuary)
  5 wights (D:9)
  5 killer bees (D:9)
  4 howler monkeys
  2 electric eels (D:8)
  4 quasits
  2 hounds
  3 orc priests
  4 iguanas
  2 jellies (D:6)
  Ijyb (D:5)
  Crazy Yiuf (D:2)
  11 orc wizards
  2 mummies (Ossuary)
  6 gnolls
  5 adders
  2 white imps (D:6)
  2 ufetubi
  9 adder zombies (Ossuary)
  2 worms (D:6)
  4 dart slugs
  34 orcs
  5 endoplasms
  3 giant cockroaches
  3 gnoll zombies (Ossuary)
  4 goblins
  3 hobgoblins
  4 quokkas
  10 ball pythons
  8 bats
  5 frilled lizards
  2 hobgoblin zombies (Ossuary)
  10 kobolds
  3 kobold zombies (Ossuary)
  7 orc zombies (Ossuary)
  3 rats
222 creatures vanquished.

Vanquished Creatures (collateral kills)
  7 foxfires (D:8)
7 creatures vanquished.

Vanquished Creatures (others)
  534 foxfires
  2 fungi (D:10)
  11 plants (D:10)
547 creatures vanquished.

Grand Total: 776 creatures vanquished

Notes
Turn   | Place    | Note
-------+----------+-------------------------------------------
     0 | D:1      | gelatine the Demonspawn Fire Elementalist began the quest
                  | for the Orb.
     0 | D:1      | Reached XP level 1. HP: 13/13 MP: 3/3
    11 | D:1      | Noticed a minotaur zombie
    15 | D:1      | Noticed a demonspawn zombie
    15 | D:1      | Noticed a merfolk zombie
    21 | D:1      | Noticed a demonspawn zombie
   577 | D:1      | Found a faded altar of an unknown god.
  1213 | D:1      | Gained mutation: You regenerate a little health from kills.
                  | [demonic ancestry]
  1213 | D:1      | Reached XP level 2. HP: 19/19 MP: 3/5
  1796 | D:2      | Found the +6 shillelagh "Devastator" {shatter}
  1808 | D:2      | Found a runed translucent door.
  1809 | D:2      | Noticed Crazy Yiuf
  1815 | D:2      | Learned a level 2 spell: Scorch
  1822 | D:2      | Killed Crazy Yiuf
  1823 | D:2      | Gained mutation: You regenerate health from kills. [demonic
                  | ancestry]
  1823 | D:2      | Reached XP level 3. HP: 14/25 MP: 1/6
  2583 | D:2      | Gained mutation: You are partially covered in thin metallic
                  | scales. (AC +2) [demonic ancestry]
  2583 | D:2      | Reached XP level 4. HP: 31/31 MP: 5/7
  2967 | D:4      | Noticed an ogre
  2974 | D:4      | Killed an ogre
  2975 | D:4      | Reached skill level 1 in Maces & Flails
  2975 | D:4      | Gained mutation: You regenerate magic rapidly. [demonic
                  | ancestry]
  2975 | D:4      | Reached XP level 5. HP: 36/36 MP: 1/9
  3052 | D:3      | Found an iron altar of Okawaru.
  3059 | D:3      | Found a shadowy altar of Dithmenos.
  3135 | D:3      | Reached skill level 3 in Spellcasting
  3192 | D:3      | Found a burning altar of Makhleb.
  3196 | D:3      | Found a basalt altar of Yredelemnul.
  3806 | D:4      | Found Pinor's Antique Weapon Emporium.
  3819 | D:4      | Reached XP level 6. HP: 42/42 MP: 9/11
  3841 | D:4      | Reached skill level 1 in Fighting
  4364 | D:5      | Entered Level 5 of the Dungeon
  4530 | D:5      | Found an ancient bone altar of Kikubaaqudgha.
  4558 | D:5      | Found a staircase to the Ecumenical Temple.
  4579 | D:5      | Noticed Edmund
  4587 | D:5      | Killed Edmund
  4588 | D:5      | Reached XP level 7. HP: 48/48 MP: 2/12
  4720 | D:5      | Noticed Grinder
  4723 | D:5      | Paralysed by Grinder for 3 turns
  4728 | D:5      | Killed Grinder
  4729 | D:5      | Reached skill level 4 in Spellcasting
  5461 | D:5      | Noticed Ijyb
  5467 | D:5      | Killed Ijyb
  5623 | D:6      | Reached XP level 8. HP: 55/55 MP: 12/14
  5625 | D:6      | Reached skill level 5 in Fire Magic
  5842 | D:6      | Found a sand-covered staircase.
  5850 | Ossuary  | Entered an ossuary
  6046 | D:6      | Reached skill level 5 in Spellcasting
  6280 | D:6      | Found a runed translucent door.
  6379 | D:6      | Noticed ZappyNine's ghost (amateur BaWr)
  6398 | D:6      | Found a runed translucent door.
  6564 | D:6      | Reached skill level 6 in Spellcasting
  6805 | D:6      | Killed ZappyNine's ghost
  6806 | D:6      | Reached XP level 9. HP: 55/58 MP: 1/18
  6947 | D:7      | Got the Lectures on Distorted Transmutation
  7504 | D:7      | Found a runed translucent door.
  7504 | D:7      | Noticed a troll
  7802 | D:7      | Noticed a centaur warrior
  7865 | D:7      | Found a runed translucent door.
  7876 | D:7      | Reached skill level 7 in Spellcasting
  7893 | D:7      | Found a runed translucent door.
  7893 | D:7      | Noticed a manticore
  7894 | D:7      | Noticed a troll
  7901 | D:7      | Noticed a troll
  7905 | D:7      | Killed a troll
  7908 | D:7      | Killed a troll
  7949 | D:7      | Got Seokabb's Book of Hurting
  7954 | D:7      | Identified the +5 mace "Murmur" {vorpal, rPois rF+ rCorr}
  8293 | D:7      | Learned a level 4 spell: Flame Wave
  8329 | D:8      | Reached XP level 10. HP: 66/68 MP: 16/21
  8439 | D:8      | Reached skill level 8 in Spellcasting
  8861 | D:8      | Reached skill level 5 in Conjurations
  9553 | Temple   | Entered the Ecumenical Temple
  9774 | Temple   | Became a worshipper of Vehumet
 10055 | D:9      | Noticed a smoke demon
 10060 | D:10     | Entered Level 10 of the Dungeon
 10079 | D:9      | Noticed a smoke demon
 10086 | D:10     | Noticed Erica
 10093 | D:10     | Killed Erica
 10354 | D:10     | Gained mutation: You are frail. (-10% HP) [a neqoxec]
 10357 | D:10     | Gained mutation: You occasionally shout uncontrollably at
                  | your foes. [a neqoxec]
 10358 | D:10     | Gained mutation: You are dopey. (Int -2) [a neqoxec]
 10367 | D:10     | Killed a smoke demon
 10367 | D:10     | Reached * piety under Vehumet
 10367 | D:10     | Offered knowledge of Freeze by Vehumet.
 10368 | D:10     | Reached skill level 5 in Maces & Flails
 10425 | D:10     | Learned a level 1 spell: Freeze
 10426 | D:9      | Noticed a rust devil
 10450 | D:9      | Killed a rust devil
 10451 | D:9      | Reached skill level 9 in Spellcasting
 10454 | D:9      | Slain by a hellwing

Illustrated notes

Levels and vault maps discovered:
D:1:      shiori_arrival_whats_in_store_for_you, layout_basic, serial_glass,
          glass_columns_a, glass_columns_a, hellmonk_ecumenical_altar_zigzags
D:2:      layout_loops_corners, uniq_crazy_yiuf_cottage
D:3:      layout_basic, nicolae_overflow_hidden_temple
D:4:      layout_gridville, serial_shops,
          nicolae_shop_temple_entry_statues_fountains
D:5:      layout_loops_corners, overflow_temple_1_default,
          minmay_temple_entry_junction_2, uniq_grinder, uniq_ijyb, uniq_edmund
D:6:      layout_basic, nicolae_ossuary_entry_monument, ebering_ghost_sewer_f,
          kennysheep_small_square
D:7:      minmay_the_grid_triangle_9x9_rhombus_thin
          [minmay_the_grid_triangle_9x9_sparse_checkered,
          minmay_the_grid_triangle_9x9_prize_schism,
          minmay_the_grid_triangle_9x9_negative_grid,
          minmay_the_grid_triangle_9x9_fully_insulated_deathbox],
          layout_loops_corners, minmay_misc_feat_rows
D:8:      layout_cave_pods, serial_park, serial_park_paths
          [serial_park_minivault_5x5_5], serial_park_fountain,
          serial_park_tiny_1, serial_park_tiny_1
D:9:      layout_irregular_city, nicolae_gozag_cash_rules_everything_around_me,
          serial_demonic, serial_demonic_g, serial_demonic_d, serial_demonic_a,
          serial_demonic_g
D:10:     layout_rooms, minmay_lair_entry_grove, uniq_erica, uniq_psyche
Temple:   nicolae_temple_slightly_damp_pantheon

Skill      XL: |  1  2  3  4  5  6  7  8  9 10 |
---------------+-------------------------------+-----
Fire Magic     | 3 4 6 7 8 |  8.7
Dodging        | 2 3 4 |  4.8
Stealth        | 2 3 |  3.2
Maces & Flails | 1 2 3 4 5 |  5.0
Conjurations   | 2 3 4 5 |  5.7
Spellcasting   | 3 4 6 7 9 |  9.0
Fighting       | 1 2 3 |  3.0
Short Blades   | |  0.9

Action                   |  1- 3 |  4- 6 |  7- 9 | 10-12 || total
-------------------------+-------+-------+-------+-------++-------
Melee: Short sword       |    21 |       |       |       ||    21
       Punch             |     1 |       |     4 |     1 ||     6
       Shillelagh        |    12 |    38 |    92 |    46 ||   188
 Cast: Foxfire           |    56 |    61 |   137 |    73 ||   327
       Scorch            |     2 |     2 |    66 |    30 ||   100
  Use: Scroll            |       |       |    18 |       ||    18
 Stab: Sleeping          |       |     2 |       |       ||     2
Armor: Robe              |    11 |    22 |    38 |    83 ||   154
Dodge: Dodged            |    27 |    33 |   108 |   203 ||   371

Table legend: (Time is in decaauts)
 A = Elapsed time spent in this place.
 B = Non-inter-level travel time spent in this place.
 C = Inter-level travel time spent in this place.
 D = Time resting spent in this place.
 E = Time spent auto-exploring this place.
 F = Levels seen in this place.
 G = Mean time per level.
                   A        B        C        D        E       F      G
               +--------+--------+--------+--------+--------+-----+--------+
         Total |  10500 |   9614 |    886 |    582 |   7285 |  12 |  875.0 |
       Dungeon |  10104 |   9232 |    872 |    582 |   7103 |  10 | 1010.4 |
        Temple |    235 |    222 |     13 |      0 |    147 |   1 |  235.0 |
       Ossuary |    159 |    159 |      0 |      0 |     35 |   1 |  159.0 |
               +--------+--------+--------+--------+--------+-----+--------+

Top non-repeatable levels by time:
     D:1: 1509 daAuts
     D:2: 1356 daAuts
     D:5: 1341 daAuts
     D:6: 1324 daAuts
     D:7: 1311 daAuts
     D:8: 1245 daAuts
     D:4: 1049 daAuts
     D:3: 460 daAuts
    D:10: 374 daAuts
  Temple: 235 daAuts
 Ossuary: 159 daAuts
     D:9: 132 daAuts
